 Dungeon Crawl Stone Soup version 0.11.3 (console) character file.

113 Lightli the Changer (level 3, 0/20 HPs)
             Began as a Deep Elf Stalker on July 4, 2022.
             Slain by a worker ant (3 damage)
             ... on Level 2 of the Dungeon.
             The game lasted 00:02:57 (1323 turns).

Lightli the Changer (Deep Elf Stalker)              Turns: 1323, Time: 00:02:57

HP   0/20        AC  4     Str  7      XL: 3   Next: 23%
MP   6/7         EV 13     Int 17      God:
Gold 76          SH  0     Dex 16      Spells:  2 memorised,  2 levels left

Res.Fire  : . . .   See Invis. : .   a - +2 elf dagger {=f}
Res.Cold  : . . .   Warding    : .   b - +0 elf robe
Life Prot.: . . .   Conserve   : .   (no shield)
Res.Poison: .       Res.Corr.  : .   (no helmet)
Res.Elec. : .       Clarity    : .   c - +0 elf cloak
Sust.Abil.: . .     Spirit.Shd : .   (no gloves)
Res.Mut.  : .       Stasis     : .   h - +0 pair of boots
Res.Rott. : .       Ctrl.Telep.: .   (no amulet)
Saprovore : . . .   Levitation : .   (no ring) Ctrl.Flight: .
                                     (no ring)

@: mildly poisoned, slightly resistant to hostile enchantments, stealthy
A: no striking features
a: no special abilities


You were on level 2 of the Dungeon.
You were hungry.

You visited 1 branch of the dungeon, and saw 2 of its levels.

You collected 56 gold pieces.

Inventory:

Hand weapons
 a - a +2,+2 elven dagger (weapon) {=f}
Armour
 b - a +0 elven robe (worn)
 c - a +0 elven cloak (worn)
 h - a +0 pair of boots (worn)
Comestibles
 f - a bread ration
 g - 2 meat rations
 o - 2 chunks of bat flesh
 t - a pear
Scrolls
 i - a scroll of fear {unknown}
 l - 2 scrolls of identify {unknown}
 r - a scroll of recharging {unknown}
 s - a scroll of curse weapon {unknown}
 u - a scroll of noise {unknown}
Potions
 e - 7 potions of confusion
 j - 3 potions of poison
 k - a potion of magic {unknown}
 m - a potion of degeneration {unknown}
 n - a potion of restore abilities {unknown}
 p - a potion of resistance {unknown}
 q - a potion of blood {unknown}
 v - a potion of paralysis {unknown}
 w - a potion of mutation {unknown}
Books
 d - a book of Stalking

   Spells                             Type                      Level
   *Fulsome Distillation              Transmutation/Necromancy     1
   *Evaporate                         Fire/Transmutation           2
   Passwall                           Transmutation/Earth          3
   Petrify                            Transmutation/Earth          4
   Dig                                Transmutation/Earth          4


   Skills:
 - Level 0.7 Fighting
 - Level 1.0 Short Blades
 - Level 2.4 Dodging
 - Level 2.4 Stealth
 - Level 2.1 Stabbing
 - Level 1.5 Spellcasting
 + Level 4.1 Transmutations


You had 2 spell levels left.
You knew the following spells:

 Your Spells              Type           Power        Failure   Level  Hunger
a - Fulsome Distillation  Trmt/Necr      N/A          12%         1    ##.....
b - Evaporate             Fire/Trmt      ##.....      17%         2    ###....


Dungeon Overview and Level Annotations

Branches:
Dungeon (2/27)

Altars:


Message History

The worker ant is severely wounded.
You hit the worker ant.
The worker ant is almost dead.
You hit the worker ant but do no damage.
The worker ant is almost dead.
The worker ant seems less confused.
The worker ant barely misses you.
You closely miss the worker ant.
The worker ant is almost dead.
The worker ant bites you.
* * * LOW HITPOINT WARNING * * *
You hit the worker ant but do no damage.
The worker ant is almost dead.
The worker ant bites you.
* * * LOW HITPOINT WARNING * * *
You are poisoned.
The worker ant poisons you!
You hit the worker ant but do no damage.
The worker ant is almost dead.
The worker ant bites you.
You die...

........##..'...#.#...#
........#########.###.#
##.##### #.....#...# ..
########'## #..# #.##
#########'###
#....a....(.#
#.....@.....#
..##....)......#
...............#
..#............#
##...........#
##########'## .# ##


You could see a worker ant.

Vanquished Creatures
  An inept feature mimic (D:2)
  A giant gecko (D:1)
  5 giant cockroaches
  3 hobgoblins (D:1)
  A quokka (D:2)
  4 bats
  3 giant newts (D:1)
  4 goblins
  4 kobolds
  2 rats (D:1)
28 creatures vanquished.

Vanquished Creatures (others)
  A rat (D:1)
1 creature vanquished.

Grand Total: 29 creatures vanquished

Notes
Turn   | Place    | Note
--------------------------------------------------------------
     0 | D:1      | Lightli, the Deep Elf Stalker, began the quest for the Orb.
     0 | D:1      | Reached XP level 1. HP: 12/12 MP: 2/2
   318 | D:1      | Reached skill level 3 in Transmutations
   318 | D:1      | Reached XP level 2. HP: 16/16 MP: 4/4
   341 | D:1      | Learned a level 2 spell: Evaporate
   901 | D:1      | Noticed a yellow wasp zombie
   995 | D:2      | Reached skill level 4 in Transmutations
   995 | D:2      | Reached XP level 3. HP: 7/20 MP: 5/7
  1323 | D:2      | Slain by a worker ant
